 Dungeon Crawl Stone Soup version 0.29.1-15-g9cfb28693d (webtiles) character file.

Game seed: 15464659589341914154

475 jtron the Trooper (level 7, -1/60 HPs)
             Began as a Gnoll Wanderer on Mar 25, 2023.
             Slain by Eustachio
             ... wielding a +0 rapier
              (3 damage)
             ... on level 4 of the Dungeon.
             The game lasted 00:11:58 (4686 turns).

jtron the Trooper (Gnoll Wanderer)                  Turns: 4686, Time: 00:11:58

Health: -1/60      AC:  7    Str: 14    XL:     7   Next: 10%
Magic:  12/12      EV: 11    Int: 12    God:
Gold:   276        SH:  5    Dex: 10    Spells: 8/13 levels left

rFire   + . .      SeeInvis .   a - +1 short sword
rCold   + . .      Faith    .   (no shield)
rNeg    . . .      Spirit   .   d - +0 leather armour
rPois   +          Reflect  +   (no helmet)
rElec   +          Harm     .   t - +1 cloak
rCorr   +          Rampage  .   (no gloves)
Will    .....                   h - +1 pair of boots
Stlth   ++........              l - amulet of reflection
HPRegen 0.20/turn               (no ring)
MPRegen 0.13/turn               (no ring)

@: resistant
A: fangs 1, strong nose, distributed training
a: no special abilities


You were on level 4 of the Dungeon.
You visited 1 branch of the dungeon, and saw 4 of its levels.

You collected 276 gold pieces.

Inventory:

Hand Weapons
 a - a +1 short sword (weapon)
 b - a +0 sling
Missiles
 j - 2 throwing nets
 q - 5 silver boomerangs
 r - 4 javelins
 y - 5 boomerangs
Armour
 d - a +0 leather armour (worn)
 h - a +1 pair of boots (worn)
 t - a +1 cloak (worn)
Jewellery
 l - an amulet of reflection (around neck)
 n - a ring of fire
 v - a +4 ring of protection
Scrolls
 i - a scroll of fear
 o - a scroll of magic mapping
 s - 3 scrolls of vulnerability
 w - a scroll of teleportation
Potions
 c - 3 potions of attraction
 e - a potion of curing
 f - a potion of degeneration {unknown}
 g - a potion of might {unknown}
 u - a potion of lignification {unknown}
 z - a potion of ambrosia {unknown}


   Skills:
 + Level 7.0 Fighting
 + Level 2.3 Short Blades
 + Level 2.3 Long Blades
 + Level 2.3 Axes
 + Level 2.3 Maces & Flails
 + Level 2.3 Polearms
 + Level 2.3 Staves
 + Level 2.3 Ranged Weapons
 + Level 3.5 Throwing
 + Level 2.3 Armour
 + Level 2.3 Dodging
 + Level 4.8 Stealth
 + Level 2.3 Shields
 + Level 2.3 Unarmed Combat
 + Level 3.7 Spellcasting
 + Level 5.8 Conjurations
 + Level 1.9 Hexes
 + Level 1.9 Summonings
 + Level 1.9 Necromancy
 + Level 1.9 Translocations
 + Level 1.9 Transmutations
 + Level 1.9 Fire Magic
 + Level 1.9 Ice Magic
 + Level 1.9 Air Magic
 + Level 1.9 Earth Magic
 + Level 1.9 Poison Magic
 + Level 2.6 Invocations
 + Level 2.3 Evocations


You had 8 spell levels left.
You knew the following spells:

 Your Spells              Type           Power      Damage    Failure   Level
a - Foxfire               Conj/Fire      44%        2x1d6     6%          1
b - Shock                 Conj/Air       44%        1d5       6%          1
c - Mephitic Cloud        Conj/Pois/Air  9%         N/A       22%         3

Your spell library contained the following spells:

 Spells                   Type           Power      Damage    Failure   Level
 Slow                     Hex            24%        N/A       13%         1
 Confusing Touch          Hex            6%         N/A       36%         3
 Swiftness                Air            6%         N/A       36%         3
 Vampiric Draining        Necr           6%         2d6       36%         3
 Airstrike                Air            3%         2d(1-17)  77%         4


Dungeon Overview and Level Annotations

Branches:
Dungeon (4/15)
 Temple: D:4-7

Altars:
Vehumet
Yredelemnul

Shops:
D:1 [

Annotations:
D:4 1 runed translucent door, Eustachio


Innate Abilities, Weirdness & Mutations

You have very sharp teeth.
Your uncanny sense of smell can sniff out nearby items.
Your experience applies equally to all skills.


Message History

Eustachio mumbles some strange words.
Eustachio blinks!
You block the quokka's attack.
The quokka bites you but does no damage.
The quokka attacks as you move away! The quokka barely misses you.
The quokka attacks as you move away! The quokka barely misses you.
The quokka attacks as you move away! The quokka misses you.
The quokka attacks as you move away! The quokka closely misses you.
You block the quokka's attack. The quokka attacks as you move away!
You block the quokka's attack.
Eustachio calls on the powers of shadow!
You hit the quokka.
The quokka is moderately wounded.
The quokka barely misses you. You block the quokka's attack.
You miss the quokka.
The quokka is moderately wounded.
The quokka bites you.
* * * LOW HITPOINT WARNING * * *
You hit Eustachio.
Eustachio is severely wounded.
You block Eustachio's attack. The quokka misses you.
You miss Eustachio. You bite Eustachio.
Eustachio is severely wounded.
The quokka bites you but does no damage.
Eustachio closely misses you.
You hit Eustachio.
Eustachio is severely wounded.
The quokka barely misses you. Eustachio hits you with a +0 rapier!
* * * LOW HITPOINT WARNING * * *
You closely miss Eustachio.
Eustachio is severely wounded.
The quokka barely misses you. Eustachio barely misses you.
The quokka misses you.
You closely miss Eustachio. You bite Eustachio, but do no damage.
Eustachio is severely wounded.
Eustachio mumbles some strange words.
The quokka bites you but does no damage.
You barely miss Eustachio.
Eustachio is severely wounded.
Eustachio hits you with a +0 rapier.
You die...

,,,* #.....#...#....#...... ,,,*
#.....#...#....#......
,,,******##############...#......
,∆,,,,,,,...........###'###......
,,,,,,,,,.......)...#.....#......
,,,,,,,,,...........#.....#......
.......,,......5....#.....'......
.......,,........@..####'##......
#.....##########@r5..............
#.....#...('...#5................
#.....+....#...#..............#..
#.....#....#...#..............###
#.....###.####'#.............####
,,,#)####.###......###'#.###.#...
,,,#.o......#......#.....#p+.#._.
,,,#b@......#......#.....###.#...
,,,#bb......#......#,........####


You could see Eustachio, a crimson imp (summoned), 2 shadow imps and a quokka.

Vanquished Creatures
  Sigmund (D:4)
  A phantom (D:4)
  A scorpion (D:4)
  An orc priest (D:4)
  An orc wizard (D:3)
  3 adders
  2 worms
  A dart slug (D:4)
  9 orcs
  8 ball pythons
  7 bats
  9 endoplasms
  2 giant cockroaches
  5 goblins
  9 hobgoblins
  6 jackals (D:1)
  8 kobolds
  7 quokkas
  3 frilled lizards
  A jackal skeleton (D:4)
  A kobold skeleton (D:4)
  11 rats
97 creatures vanquished.

Vanquished Creatures (others)
  13 foxfires (D:1)
  4 fungi (D:3)
  6 plants (D:1)
23 creatures vanquished.

Grand Total: 120 creatures vanquished

Notes
Turn   | Place    | Note
-------+----------+-------------------------------------------
     0 | D:1      | jtron the Gnoll Wanderer began the quest for the Orb.
     0 | D:1      | jtron set off with the following items: a +0 club, a +0
                  | pair of boots, a potion of attraction, a +0 leather armour,
                  | a potion of curing; and the following spells available to
                  | memorise: Foxfire, Shock, Mephitic Cloud.
     0 | D:1      | Reached XP level 1. HP: 23/23 MP: 4/4
    23 | D:1      | Learned a level 1 spell: Foxfire
    25 | D:1      | Learned a level 1 spell: Shock
    46 | D:1      | Reached XP level 2. HP: 26/29 MP: 0/5
   593 | D:1      | Reached XP level 3. HP: 34/35 MP: 5/7
   630 | D:1      | Found Nonacel's Antique Armour Shoppe.
   716 | D:1      | Learned a level 3 spell: Mephitic Cloud
   899 | D:1      | Reached skill level 1 in Invocations
  1433 | D:2      | Reached skill level 1 in Short Blades
  1433 | D:2      | Reached skill level 1 in Long Blades
  1433 | D:2      | Reached skill level 1 in Axes
  1433 | D:2      | Reached skill level 1 in Maces & Flails
  1433 | D:2      | Reached skill level 1 in Polearms
  1433 | D:2      | Reached skill level 1 in Staves
  1433 | D:2      | Reached skill level 1 in Ranged Weapons
  1433 | D:2      | Reached skill level 1 in Armour
  1433 | D:2      | Reached skill level 1 in Dodging
  1433 | D:2      | Reached skill level 1 in Shields
  1433 | D:2      | Reached skill level 1 in Unarmed Combat
  1433 | D:2      | Reached skill level 1 in Evocations
  1597 | D:2      | Reached XP level 4. HP: 41/41 MP: 8/8
  2387 | D:3      | Found a faded altar of an unknown god.
  2410 | D:3      | Reached skill level 1 in Hexes
  2410 | D:3      | Reached skill level 1 in Summonings
  2410 | D:3      | Reached skill level 1 in Necromancy
  2410 | D:3      | Reached skill level 1 in Translocations
  2410 | D:3      | Reached skill level 1 in Transmutations
  2410 | D:3      | Reached skill level 1 in Fire Magic
  2410 | D:3      | Reached skill level 1 in Ice Magic
  2410 | D:3      | Reached skill level 1 in Air Magic
  2410 | D:3      | Reached skill level 1 in Earth Magic
  2410 | D:3      | Reached skill level 1 in Poison Magic
  2798 | D:3      | Reached XP level 5. HP: 23/47 MP: 9/9
  2956 | D:3      | Found a radiant altar of Vehumet.
  3223 | D:4      | Noticed Sigmund
  3633 | D:4      | Found a runed translucent door.
  3633 | D:4      | Noticed a human
  3856 | D:4      | Noticed a phantom
  3870 | D:4      | Killed a phantom
  3871 | D:4      | Reached XP level 6. HP: 41/53 MP: 9/11
  4112 | D:4      | Killed Sigmund
  4260 | D:4      | Noticed Eustachio
  4273 | D:4      | Reached XP level 7. HP: 59/59 MP: 12/12
  4277 | D:4      | Reached skill level 7 in Fighting
  4601 | D:4      | Found a basalt altar of Yredelemnul.
  4683 | D:4      | HP: 1/60 [Eustachio/+0 rapier (7)]
  4686 | D:4      | Slain by Eustachio

Illustrated notes

Levels and vault maps discovered:
D:1:      elethiomel_arrival_quiet, layout_basic, serial_shops,
          nicolae_shop_overgrown_old_shop, st_stairs_5, serial_bayou_pond_c,
          wander_ebering_terrifying_dragon_lair
D:2:      layout_basic, hex_large, grunt_ministairs_5
D:3:      minmay_spotlight, layout_rooms, mainiacjoe_overflow_boulevard,
          shapermc_ecumenical_altar_notcrosses
D:4:      layout_gridville, nicolae_ru_path_of_blood, dk_yredelemnul_ordeal,
          uniq_sigmund, uniq_eustachio

Skill      XL: |  1  2  3  4  5  6  7 |
---------------+----------------------+-----
Invocations    | 1 2 |  2.6
Short Blades   | 1 2 |  2.3
Long Blades    | 1 2 |  2.3
Axes           | 1 2 |  2.3
Maces & Flails | 1 2 |  2.3
Polearms       | 1 2 |  2.3
Staves         | 1 2 |  2.3
Ranged Weapons | 1 2 |  2.3
Armour         | 1 2 |  2.3
Dodging        | 1 2 |  2.3
Shields        | 1 2 |  2.3
Unarmed Combat | 1 2 |  2.3
Evocations     | 1 2 |  2.3
Spellcasting   | 3 |  3.7
Hexes          | 1 |  1.9
Summonings     | 1 |  1.9
Necromancy     | 1 |  1.9
Translocations | 1 |  1.9
Transmutations | 1 |  1.9
Fire Magic     | 1 |  1.9
Ice Magic      | 1 |  1.9
Air Magic      | 1 |  1.9
Earth Magic    | 1 |  1.9
Poison Magic   | 1 |  1.9
Throwing       | 3 |  3.5
Fighting       | 7 |  7.0
Stealth        | |  4.8
Conjurations   | |  5.8

Action                   |  1- 3 |  4- 6 |  7- 9 || total
-------------------------+-------+-------+-------++-------
Melee: Club              |    56 |       |       ||    56
       Bite              |     8 |     5 |    18 ||    31
       Punch             |     1 |     1 |     3 ||     5
       Short sword       |     9 |    72 |   128 ||   209
 Fire: Sling             |    31 |   175 |       ||   206
 Cast: Foxfire           |     8 |       |       ||     8
       Shock             |    17 |       |       ||    17
  Use: Scroll            |     3 |     7 |     2 ||    12
       Potion            |       |     4 |     7 ||    11
 Stab: Sleeping          |     3 |     1 |       ||     4
Armor: Leather armour    |    29 |    45 |    72 ||   146
Dodge: Dodged            |    65 |    53 |   134 ||   252
Block: Other             |       |    30 |    59 ||    89
       Reflection        |       |     1 |       ||     1
